 Dungeon Crawl Stone Soup version 0.29-a0-275-g389c0b56f3 (webtiles) character file.

Game seed: 9208636374621306077

67 tilp the Grave Robber (level 3, 0/42 HPs)
             Began as a Demonspawn Necromancer on Mar 9, 2022.
             Slain by a goblin
             ... wielding the +6 spear of Baxkateq {protect, rElec rCorr Int-2}
              (4 damage)
             ... on level 2 of the Dungeon.
             The game lasted 00:02:35 (2317 turns).

tilp the Grave Robber (Demonspawn Necromancer)      Turns: 2317, Time: 00:02:35

Health: 0/42       AC: 21    Str: 10    XL:     3   Next: 98%
Magic:  6/6        EV:  2    Int: 16    God:
Gold:   63         SH:  0    Dex: 13    Spells: 5/6 levels left

rFire   . . .      SeeInvis .   a - +0 war axe
rCold   . . .      Faith    .   (no shield)
rNeg    . . .      Spirit   .   (body armour currently unavailable)
rPois   +          Reflect  .   (helmet currently unavailable)
rElec   .          Harm     .   (cloak currently unavailable)
rCorr   .          Rampage  .   (gloves currently unavailable)
Will    .....      NoTele   +   (boots currently unavailable)
Stlth   ++........              (no amulet)
HPRegen 0.14/turn               (no ring)
MPRegen 0.10/turn               (no ring)

@: tree-form
A: stationary, stasis, torment immunity, boosted hp, (antennae 1)
a: no special abilities


You were on level 2 of the Dungeon.
You were a tree.
You visited 1 branch of the dungeon, and saw 2 of its levels.

You collected 63 gold pieces.

Inventory:

Hand Weapons
 a - a +0 war axe (weapon)
 j - a +0 lajatang
Missiles
 g - 66 stones (quivered)
Armour
 d - a +0 chain mail (melded)
Scrolls
 e - 4 scrolls of identify
 f - a scroll of amnesia {unknown}
Potions
 b - a potion of magic
 c - a potion of attraction


   Skills:
 + Level 2.6 Fighting
 - Level 1.2 Axes
 + Level 0.8 Staves
 - Level 2.0 Dodging
 - Level 2.0 Stealth
 - Level 2.0 Spellcasting
 - Level 4.3 Necromancy


You had 5 spell levels left.
You knew the following spells:

 Your Spells              Type           Power      Damage    Failure   Level
a - Pain                  Necr           60%        1d7       3%          1

Your spell library contained the following spells:

 Spells                   Type           Power      Damage    Failure   Level
 Animate Skeleton         Necr           30%        N/A       3%          1
 Vampiric Draining        Necr           15%        2d7       11%         3
 Animate Dead             Necr           7%         N/A       34%         4
 Agony                    Necr           15%        N/A       67%         5


Dungeon Overview and Level Annotations

Branches:
Dungeon (2/15)

Altars:


Innate Abilities, Weirdness & Mutations

You are a tree.
Your roots penetrate the ground, keeping you stationary.
You cannot be teleported.
You are immune to unholy pain and torment.
Your maximum health is greatly increased.
Your equipment is partially melded.
((You have a pair of small antennae on your head.))


Message History

* * * LOW HITPOINT WARNING * * *
The goblin attacks as you move away!
The goblin hits you with a +0 long sword.
* * * LOW HITPOINT WARNING * * *
The quokka attacks as you move away!
The quokka bites you but does no damage.
The quokka attacks as you move away!
The quokka bites you but does no damage.
The quokka twitches its whiskers.
The quokka barely misses you.
Really quaff the potion of lignification?
Okay, then.
Really quaff the potion of lignification?
You turn into a tree.
Your +0 chain mail melds into your body.
Your roots penetrate the ground.
The quokka bites you but does no damage.
Unknown command.
Unknown command.
You closely miss the quokka.
The quokka bites you but does no damage.
The quokka barely misses you.
You hit the quokka.
The quokka is moderately wounded.
The quokka bites you but does no damage. x2
You closely miss the quokka. Your punch misses the quokka.
The quokka is moderately wounded.
The quokka bites you but does no damage. x2
You hit the quokka but do no damage.
The quokka is moderately wounded.
The quokka bites you but does no damage.
You closely miss the quokka.
The quokka is moderately wounded.
The quokka bites you but does no damage. x2
You hit the quokka.
You kill the quokka!
The goblin hits you but does no damage.
You closely miss the goblin.
The goblin hits you from afar with the +6 spear of Baxkateq {protect, rElec rCorr Int-2}.
You die...

.....#.# #...........##'##
........ #.>.........#...#
#...#.## #...........#...#
.#...#.. #................
.......# #................
. #...#####
#...####'###.....
.#.#.......# #..># #.#
#.####
........##.######...####.#
#.#
.............Kgg♣........#
#.#
...........###############
#.#### .#......#### #.....
#.###.## #.#### ... #.#
### ... #.# . #.# #^


You could see 2 goblins and a kobold.

Vanquished Creatures
  4 adders (D:2)
  3 endoplasms
  2 giant cockroaches
  2 goblins
  2 hobgoblins (D:1)
  6 jackals (D:1)
  2 kobolds
  2 quokkas
  A ball python (D:2)
  3 bats
  A frilled lizard (D:1)
28 creatures vanquished.

Vanquished Creatures (others)
  66 plants (D:1)
66 creatures vanquished.

Grand Total: 94 creatures vanquished

Notes
Turn   | Place    | Note
-------+----------+-------------------------------------------
     0 | D:1      | tilp the Demonspawn Necromancer began the quest for the
                  | Orb.
     0 | D:1      | Reached XP level 1. HP: 13/13 MP: 3/3
    37 | D:1      | Reached skill level 1 in Fighting
   504 | D:1      | Gained mutation: You have a pair of small antennae on your
                  | head. [demonic ancestry]
   504 | D:1      | Reached XP level 2. HP: 15/22 MP: 5/5
  1345 | D:2      | Reached XP level 3. HP: 21/27 MP: 6/6
  1352 | D:2      | Reached skill level 1 in Axes
  1519 | D:2      | HP: 1/28 [kobold/+0 dagger (2)]
  2226 | D:2      | Found a faded altar of an unknown god.
  2291 | D:2      | Identified the +6 spear of Baxkateq {protect, rElec rCorr
                  | Int-2}
  2304 | D:2      | HP: 1/28 [goblin/+0 long sword (2)]
  2317 | D:2      | Slain by a goblin

Illustrated notes

Levels and vault maps discovered:
D:1:      wander_arrival_estate, layout_loops_ring, kennysheep_boxes
D:2:      layout_basic, ebering_ecumenical_altar_rust, minmay_ruptured

Skill      XL: |  1  2  3 |
---------------+----------+-----
Fighting       | 1 2 |  2.6
Dodging        | 2 |  2.0
Stealth        | 2 |  2.0
Axes           | 1 |  1.2
Staves         | |  0.8
Spellcasting   | |  2.0
Necromancy     | |  4.3

Action                   || total
-------------------------++-------
Melee: Short sword       ||    22
       War axe           ||    94
       Punch             ||     2
Throw: Stone             ||     3
 Cast: Pain              ||     4
  Use: Scroll            ||     4
       Potion            ||     2
Armor: Chain mail        ||   103
       Robe              ||     3
       Skin              ||    10
Dodge: Dodged            ||    40

Table legend: (Time is in decaauts)
 A = Elapsed time spent in this place.
 B = Non-inter-level travel time spent in this place.
 C = Inter-level travel time spent in this place.
 D = Time resting spent in this place.
 E = Time spent auto-exploring this place.
 F = Levels seen in this place.
 G = Mean time per level.
                   A        B        C        D        E       F      G
               +--------+--------+--------+--------+--------+-----+--------+
         Total |   2361 |   2346 |     15 |    603 |   1442 |   2 | 1180.5 |
       Dungeon |   2361 |   2346 |     15 |    603 |   1442 |   2 | 1180.5 |
               +--------+--------+--------+--------+--------+-----+--------+

Top non-repeatable levels by time:
     D:1: 1318 daAuts
     D:2: 1043 daAuts
